 Dungeon Crawl Stone Soup version 0.32-a0-675-gdc239d62e1 (webtiles) character file.

Game seed: 6931776483913642880

104 jasper the Charlatan (level 4, -2/34 HPs)
             Began as a Coglin Artificer on Mar 11, 2024.
             Slain by an adder (3 damage)
             ... on level 3 of the Dungeon.
             The game lasted 00:03:45 (2598 turns).

jasper the Charlatan (Coglin Artificer)             Turns: 2598, Time: 00:03:46

Health: -2/34      AC:  3    Str: 15    XL:     4   Next: 80%
Magic:  4/4        EV: 12    Int: 10    God:
Gold:   214        SH:  0    Dex: 14    Spells: 3/3 levels left

rFire   . .          .
                       - Unarmed
rCold   . . .        (no shield)
rNeg    . . .        b - +0 leather armour
rPois   .            (no helmet)
rElec   .            (no cloak)
rCorr   .            (no gloves)
SInv    .            (no boots)
Will    .....        (amulet unavailable)
Stlth   +            (ring unavailable)
HPRegen 0.25/turn    (ring unavailable)
MPRegen 0.09/turn    (no gizmo)

%: no passive effects
@: lethally poisoned (-2 -> -11), hasted, revved, very quick
A: off-hand wielding, slow wielding, warmup strikes, no jewellery, devolution 1
a: Invent Gizmo


You were on level 3 of the Dungeon.
You visited 1 branch of the dungeon, and saw 3 of its levels.

You collected 214 gold pieces.

Inventory:

Missiles
 l - 4 curare-tipped darts
 m - 41 stones
 n - a throwing net
Armour
 b - a +0 leather armour (worn)
Wands
 c - a wand of flame (8) (quivered)
 d - a wand of charming (13)
 e - a wand of iceblast (4)
Scrolls
 f - a scroll of immolation {unknown}
 i - a scroll of noise
 j - 3 scrolls of identify
 k - a scroll of amnesia
 o - a scroll of teleportation


   Skills:
 + Level 2.3 Fighting
 - Level 1.7 Armour
 + Level 2.0 Dodging
 - Level 0.7 Stealth
 * Level 2.5 Unarmed Combat
 - Level 4.0 Evocations


You had 3 spell levels left.
You didn't know any spells.
Your spell library contained the following spells:

 Spells                   Type           Power      Damage    Failure   Level
 Freeze                   Ice            0%         1d3       43%         1
 Slow                     Hex            0%         N/A       43%         1
 Confusing Touch          Hex            0%         N/A       80%         3
 Frozen Ramparts          Ice            0%         1d1       80%         3
 Hailstorm                Conj/Ice       0%         3d5       80%         3
 Sigil of Binding         Hex            0%         N/A       80%         3
 Vampiric Draining        Necr           0%         2d6       80%         3


Dungeon Overview and Level Annotations

Branches:
Dungeon (3/15)

Altars:
Hepliaklqana
Sif Muna

Annotations:
D:2 Natasha


Innate Abilities, Weirdness & Mutations

You can wield a second weapon in your off-hand.
It takes a long time for you to wield or remove held weapons.
Your first few attacks do less damage.
You cannot equip rings or amulets.
You have hidden genetic defects.


Message History

You are more poisoned.
The adder poisons you!
You take 3 damage, and have 27/34 hp.
You miss the adder. You punch the adder.
The adder is severely wounded.
You feel very sick. The adder bites you.
You are more poisoned.
The adder poisons you!
A hobgoblin comes into view.
You take 7 damage, and have 20/34 hp.
MASSIVE DAMAGE!!
You closely miss the adder.
The adder is severely wounded.
You feel very sick. The adder bites you but does no damage.
You take 3 damage, and have 17/34 hp.
You hit the adder.
The adder is severely wounded.
You feel sick. The adder bites you.
You are lethally poisoned!
The adder poisons you!
You take 5 damage, and have 12/34 hp.
You barely miss the adder.
The adder is severely wounded.
* * * LOW HITPOINT WARNING * * *
You feel very sick. The adder closely misses you. x2
You take 4 damage, and have 8/34 hp.
It was a potion of mutation.
You feel extremely strange.
You feel a hidden malignance growing inside you.
* * * LOW HITPOINT WARNING * * *
You feel very sick. The adder bites you.
* * * LOW HITPOINT WARNING * * *
You take 5 damage, and have 3/34 hp.
You feel yourself speed up.
* * * LOW HITPOINT WARNING * * *
You feel very sick. The adder bites you.
You die...

# #. # +. '###' #' #
..#.'. '. .## .#.#
.# .'##'.# _.#
#..#S#..?#.#
###..#@'...'.#
#######.'..'###'###'
#.......#..#.?.....
#.......#..#.......
#.......###+###'###
#####.......# ?.
............# ##
#####..<....#
##.....#.....#


You could see an adder.

Vanquished Creatures
  3 gnolls (D:2)
  2 adders
  A dart slug (D:1)
  2 ribbon worms (D:2)
  An orc (D:2)
  3 ball pythons
  6 bats
  3 endoplasms
  2 giant cockroaches
  3 goblins
  3 hobgoblins
  4 frilled lizards (D:1)
  10 kobolds
  7 rats
50 creatures vanquished.

Notes
Turn   | Place    | Note
-------+----------+-------------------------------------------
     0 | D:1      | jasper the Coglin Artificer began the quest for the Orb.
     0 | D:1      | Reached XP level 1. HP: 15/15 MP: 1/1
    91 | D:1      | Reached skill level 1 in Dodging
   154 | D:1      | Reached XP level 2. HP: 2/21 MP: 2/2
   155 | D:1      | Reached skill level 1 in Unarmed Combat
   751 | D:1      | Reached XP level 3. HP: 21/26 MP: 3/3
  1636 | D:2      | Reached XP level 4. HP: 33/33 MP: 4/4
  2190 | D:3      | Found a shimmering blue altar of Sif Muna.
  2233 | D:3      | Noticed Natasha
  2586 | D:3      | Found a hazy altar of Hepliaklqana.
  2597 | D:3      | Gained mutation: You have hidden genetic defects. [potion
                  | of mutation]
  2598 | D:3      | HP: 1/34 [poisoned by an adder]
  2598 | D:3      | Slain by an adder

Illustrated notes

Levels and vault maps discovered:
D:1:      sevenhm_arrival_forest_fort_small_3, layout_basic, amethyst_killhole,
          chequers_mini_garden, minmay_close_crescents
D:2:      layout_basic, nicolae_grassy_gnolls
D:3:      layout_rooms, mainiacjoe_overflow_cross_hatched,
          mainiacjoe_overflow_24_doors, uniq_natasha

Skill      XL: |  1  2  3  4 |
---------------+-------------+-----
Dodging        | 1 2 |  2.0
Unarmed Combat | 1 2 |  2.5
Fighting       | 2 |  2.3
Armour         | |  1.7
Stealth        | |  0.7
Evocations     | |  4.0

Action                     |  1- 3 |  4- 6 || total
---------------------------+-------+-------++-------
  Melee: Unarmed           |   183 |    64 ||   247
         Punch             |     1 |     2 ||     3
  Evoke: Wand              |     5 |     5 ||    10
    Use: Scroll            |       |     8 ||     8
         Potion            |       |     4 ||     4
   Stab: Sleeping          |     1 |     2 ||     3
 Armour: Leather armour    |   111 |    42 ||   153
  Dodge: Dodged            |    94 |    34 ||   128

Table legend: (Time is in decaauts)
 A = Elapsed time spent in this place.
 B = Non-inter-level travel time spent in this place.
 C = Inter-level travel time spent in this place.
 D = Time resting spent in this place.
 E = Time spent auto-exploring this place.
 F = Levels seen in this place.
 G = Mean time per level.
                   A        B        C        D        E       F      G
               +--------+--------+--------+--------+--------+-----+--------+
         Total |   2576 |   2562 |     14 |    323 |   1667 |   3 |  858.7 |
       Dungeon |   2576 |   2562 |     14 |    323 |   1667 |   3 |  858.7 |
               +--------+--------+--------+--------+--------+-----+--------+

Top non-repeatable levels by time:
     D:1: 1094 daAuts
     D:2: 1071 daAuts
     D:3: 410 daAuts
